 Dungeon Crawl Stone Soup version 0.17-a0-1663-gb806841 (webtiles) character file.

12806 abixa the Fighter (level 11, -5/76 HPs)
             Began as a Gargoyle Fighter on Aug 16, 2015.
             Was a High Priest of Okawaru.
             Slain by a minotaur
             ... wielding a cursed +9 rod of the swarm (1/10)
              (17 damage)
             ... in a labyrinth.
             The game lasted 00:41:04 (11637 turns).

abixa the Fighter (Gargoyle Fighter)               Turns: 11637, Time: 00:41:04

Health: -5/76      AC: 20    Str: 20    XL:     11   Next: 99%
Magic:  11/11      EV:  8    Int: 12    God:    Okawaru [*****.]
Gold:   715        SH: 11    Dex: 11    Spells: 0 memorised, 10 levels left

rFire  + . .     SeeInvis +       - Unarmed
rCold  . . .     Clarity  .     O - +0 scale mail {rF+}
rNeg   + . .     SustAt   .     b - +0 shield
rPois  ∞         Gourm    .     (no helmet)
rElec  +         Spirit   .     K - +0 cloak
rCorr  .         Warding  .     j - +0 pair of gloves
rMut   .         Stasis   .     y - +0 pair of boots
MR     .....                    (no amulet)
Stlth  ..........               Y - +2 ring of dexterity
                                z - ring of see invisible

@: not resistant to hostile enchantments, extremely unstealthy
A: negative energy resistance 1, electricity resistance, unbreathing,
petrification resistance, rot immunity, AC +7
a: Heroism, Finesse, Renounce Religion


You were in a labyrinth.
You worshipped Okawaru.
Okawaru was extremely pleased with you.
You were very hungry.

You visited 3 branches of the dungeon, and saw 14 of its levels.
You also visited: Labyrinth.

You collected 715 gold pieces.

Inventory:

Hand weapons
 p - a +3 hunting sling
Missiles
 m - 2 needles of paralysis
 u - 56 sling bullets
 D - 12 poisoned needles
 E - 15 sling bullets of frost
 I - 7 javelins (quivered)
Armour
 b - a +0 shield (worn)
 j - a +0 pair of gloves (worn)
 y - a +0 pair of boots (worn)
 K - a +0 cloak (worn)
 O - a +0 scale mail of fire resistance (worn)
 Q - an ice dragon hide
Jewellery
 z - a ring of see invisible (left hand)
 T - an uncursed ring of sustain attributes
 Y - a +2 ring of dexterity (right hand)
Magical devices
 h - a wand of lightning (0)
 J - a wand of digging (6)
 L - a wand of fireball (4)
 S - a wand of confusion (26)
 V - a wand of polymorph (8)
Scrolls
 e - 11 scrolls of remove curse
 g - a scroll of immolation {unknown}
 l - 6 scrolls of teleportation
 q - a scroll of summoning {unknown}
 w - a scroll of enchant weapon {unknown}
 x - a scroll of magic mapping
 C - 2 scrolls of blinking
 N - a scroll of amnesia {unknown}
 X - 2 scrolls of enchant armour {unknown}
Potions
 c - 2 potions of might
 f - 6 potions of ambrosia
 o - 7 potions of curing
 Z - a potion of berserk rage
Comestibles
 a - 25 fruits


   Skills:
 - Level 12.0 Fighting
 + Level 10.0 Armour
 + Level 9.8 Shields
 * Level 10.0 Unarmed Combat
 - Level 1.0 Invocations


You had 10 spell levels left.
You didn't know any spells.

Dungeon Overview and Level Annotations

Branches:
Dungeon (11/15)            Temple (1/1) D:7            Lair (2/8) D:10
    Orc: D:9-12

Altars:
Ashenzari
Cheibriados
Dithmenos
Elyvilon
Fedhas
Gozag
Kikubaaqudgha
Makhleb
Nemelex Xobeh
Okawaru
Qazlal
Ru
Sif Muna
Trog
Vehumet
Xom
Yredelemnul
Zin
The Shining One

Shops:
D:6 }

Annotations:
D:4 Edmund
Lair:1 !clear, Urug


Innate Abilities, Weirdness & Mutations

You are resistant to torment.
Your stone body is resilient (AC +7).
You are immune to poison.
You resist negative energy.
You are resistant to electric shocks.
You can survive without breathing.
You are immune to petrification.
You are immune to rotting.


Message History

The minotaur is severely wounded.
The killer bee barely misses you.
You closely miss the minotaur.
The minotaur is severely wounded.
You block the killer bee's attack.
The minotaur hits you with a rod of the swarm!!
* * * LOW HITPOINT WARNING * * *
You block the minotaur's attack. You block the killer bee's attack.
You punch the minotaur!
The minotaur is almost dead.
You block the killer bee's attack. You block the minotaur's attack.
The minotaur barely misses you. You block the killer bee's attack.
Evoke which item? (* to show all) (? for menu, Esc to quit)
Okay, then.
Unknown command.
You hit the minotaur but do no damage.
The minotaur is almost dead.
The killer bee barely misses you.
The minotaur hits you with a rod of the swarm!
You die... .. .# .< ##. .ya

#y###
#H#.#
###@#.###
#..y#...#
# #.###
### .
.#..... #
### #.## #
#. .. #...
. .# # #
## #.#####
. ..# #
#.#######.
##


You could see a minotaur, a vampire mosquito, a worker ant and 2 killer bees.

Vanquished Creatures
  Erolcha (D:8)
  A hill giant (D:10)
  A komodo dragon (Lair:2)
  4 spiny frogs
  A troll (D:9)
  4 blink frogs (Lair:2)
  Prince Ribbit (D:5)
  A trapdoor spider zombie (D:10)
  A two-headed ogre (D:8)
  A deep elf mage (D:10)
  Sigmund (D:10)
  5 humans (D:10)
  2 wyverns (D:8)
  6 yaks (Lair:2)
  A hungry ghost (D:7)
  5 hippogriffs
  2 porcupines
  Duvessa (D:5)
  4 water moccasins (Lair:2)
  An orc warrior (D:7)
  A phantom (D:8)
  A black bear (D:6)
  2 sky beasts
  3 centaurs
  2 crocodiles (Lair:2)
  An ice beast (D:7)
  8 ogres
  Blork the orc (D:5)
  3 big kobolds
  5 giant frogs
  Dowan (D:5)
  4 scorpions
  The ghost of 4thArraOfDagon the Chopper, a weakling DgGl (D:6)
  5 wights (D:9)
  A wasp zombie (D:9)
  2 centaur zombies
  4 lava snakes (Lab)
  3 giant frog zombies
  2 jellies
  Crazy Yiuf (D:5)
  5 crimson imps
  A centaur skeleton (D:4)
  A giant frog skeleton (D:9)
  6 hounds
  7 iguanas
  2 orc priests
  A gnoll shaman (D:6)
  5 orc wizards
  9 worker ants
  A killer bee zombie (D:6)
  3 sheep
  4 gnolls
  17 adders
  12 river rats (Lair:2)
  A shadow imp (D:6)
  An ooze (D:1)
  An adder zombie (D:7)
  2 worms
  25 orcs
  A ball python (D:3)
  6 giant cockroaches
  2 goblins
  7 hobgoblins
  15 jackals
  2 quokkas
  10 bats
  7 giant geckos
  3 giant newts
  A jackal zombie (D:6)
  18 kobolds
  2 quokka skeletons (D:7)
  5 rats
  3 fungi
  A plant (Lair:2)
282 creatures vanquished.

Vanquished Creatures (others)
  A shadow imp (D:10)
  A fungus (Lair:2)
  2 plants (Lair:2)
4 creatures vanquished.

Grand Total: 286 creatures vanquished

Notes
Turn   | Place    | Note
--------------------------------------------------------------
     0 | D:1      | abixa the Gargoyle Fighter began the quest for the Orb.
     0 | D:1      | Reached XP level 1. HP: 14/14 MP: 1/1
   262 | D:1      | Reached XP level 2. HP: 19/19 MP: 2/2
   669 | D:2      | Reached XP level 3. HP: 20/23 MP: 3/3
   726 | D:2      | Found a faded altar to an unknown god.
   795 | D:2      | Reached skill level 4 in Unarmed Combat
   980 | D:2      | Reached XP level 4. HP: 28/28 MP: 4/4
  1708 | D:3      | Reached skill level 5 in Unarmed Combat
  1708 | D:3      | Reached XP level 5. HP: 24/32 MP: 5/5
  2487 | D:3      | Reached skill level 6 in Unarmed Combat
  2487 | D:3      | Reached XP level 6. HP: 28/37 MP: 6/6
  2810 | D:4      | Noticed Edmund
  3354 | D:5      | Entered Level 5 of the Dungeon
  3354 | D:5      | Noticed Prince Ribbit
  3386 | D:5      | Noticed Blork the orc
  3400 | D:5      | Killed Blork the orc
  3400 | D:5      | Reached XP level 7. HP: 43/43 MP: 7/7
  3486 | D:5      | Found a glowing silver altar of Zin.
  3529 | D:5      | Reached skill level 7 in Unarmed Combat
  3721 | D:5      | Noticed Dowan
  3722 | D:5      | Noticed Duvessa
  3750 | D:5      | Killed Duvessa
  3768 | D:5      | Killed Dowan
  3768 | D:5      | Reached skill level 8 in Unarmed Combat
  3875 | D:4      | Reached XP level 8. HP: 42/48 MP: 8/8
  4022 | D:5      | Noticed Crazy Yiuf
  4025 | D:5      | Killed Crazy Yiuf
  4035 | D:5      | Got a warped hammer
  4049 | D:5      | Identified the +2 hammer of Gravity {crush, *Rage rPois MP-9 Dex+2} (You found it on level 5 of the Dungeon)
  4299 | D:5      | Reached skill level 9 in Unarmed Combat
  4640 | D:5      | Killed Prince Ribbit
  4964 | D:6      | Found Baphelyoz's Gadget Boutique.
  5009 | D:6      | Noticed 4thArraOfDagon's ghost (weakling DgGl)
  5023 | D:6      | Killed 4thArraOfDagon's ghost
  5101 | D:6      | Reached skill level 5 in Armour
  5101 | D:6      | Reached skill level 5 in Shields
  5101 | D:6      | Reached XP level 9. HP: 29/52 MP: 9/9
  5607 | D:6      | Reached skill level 5 in Fighting
  5728 | D:7      | Found a staircase to the Ecumenical Temple.
  5739 | Temple   | Entered the Ecumenical Temple
  5809 | Temple   | Became a worshipper of Warmaster Okawaru
  6132 | D:7      | Acquired Okawaru's first power
  6384 | D:7      | Reached skill level 1 in Invocations
  6914 | D:8      | Noticed Erolcha
  7194 | D:8      | Killed Erolcha
  7194 | D:8      | Reached XP level 10. HP: 31/64 MP: 10/10
  8067 | D:9      | Found a white marble altar of Elyvilon.
  8456 | D:10     | Entered Level 10 of the Dungeon
  8883 | D:10     | Noticed Sigmund
  8923 | D:10     | Killed Sigmund
  9074 | D:10     | Reached skill level 10 in Fighting
  9074 | D:10     | Reached XP level 11. HP: 72/72 MP: 11/11
  9286 | D:10     | Found a staircase to the Lair.
  9332 | D:10     | Noticed a hill giant
  9340 | D:10     | Killed a hill giant
  9638 | Lair:1   | Entered Level 1 of the Lair of Beasts
 10479 | Lair:1   | Noticed Urug
 10515 | Lair:2   | Reached skill level 11 in Fighting
 10537 | Lair:2   | Acquired Okawaru's second power
 10558 | Lair:2   | Received a gift from Okawaru
 10569 | Lair:2   | Noticed a seven-headed hydra
 10588 | Lair:2   | Reached skill level 12 in Fighting
 10909 | D:11     | Found a labyrinth entrance.
 10928 | D:11     | Reached skill level 10 in Armour
 10943 | Lab      | Entered a labyrinth
 11510 | Lab      | Reached skill level 10 in Unarmed Combat
 11619 | Lab      | Noticed a minotaur
 11637 | Lab      | Identified a cursed +9 rod of the swarm (1/10)
 11637 | Lab      | Slain by a minotaur

Vault maps used:
D:1:      sevenhm_arrival_forest_fort_small_5
D:2:      ecumenical_altar_2
D:3:      first_bread
D:4:      uniq_edmund
D:5:      overflow_temple_1_default, uniq_crazy_yiuf_cottage,
          uniq_prince_ribbit1, uniq_duvessa, uniq_blork_the_orc
D:6:      old_forge, serial_shops, nicolae_shop_window_shopping
D:7:      minmay_temple_entry_glass, due_unseen_surprise
D:8:      blue_anna_alchemist, basic_loot_grate_trap, uniq_erolcha
D:9:      basic_altar
D:10:     erik_1, minmay_misc_feat_square
D:11:     orc_0_dummy, serial_shops, shop, shop_fountains, kennysheep_mini,
          lab_entry_generic, uniq_gastronok
Temple:   kilobyte_greek_temple_18
Lair:1:   grunt_megastairs_3, uniq_erica, uniq_urug
Lab:      nicolae_lab_t_cross, labyrinth_lava_lair, nicolae_lab_dead_end

Action                   |  1- 3 |  4- 6 |  7- 9 | 10-12 || total
-------------------------+-------+-------+-------+-------++-------
Melee: Unarmed           |   110 |   291 |   280 |    77 ||   758
       Double sword      |       |       |   152 |   304 ||   456
 Fire: Hunting sling     |       |       |     8 |       ||     8
Throw: Tomahawk          |       |       |     1 |       ||     1
       Javelin           |       |       |     7 |     5 ||    12
Evoke: Wand              |       |       |     1 |     5 ||     6
  Use: Scroll            |       |       |       |    11 ||    11
  Eat: Chunk             |       |     8 |    13 |    14 ||    35
       Fruit             |       |       |     3 |       ||     3
       Meat ration       |       |       |     1 |       ||     1
